Get step-by-step instructions on how to execute this build order below. Start the game timer, and the build order will tick by so you can play in parallel with StarCraft on a second screen or mobile device.

Game Time

  0:00

Last Step

  N/A

Next Step

  12  0:00  Drone  

Upcoming Step

  13  0:13  Overlord  

Don't want to look back and forth between 2 screens? Try out our Overwolf App, the Spawning Tool Build Advisor to get an in-game overlay with this build!

Complete Build Order

  12  0:00  Drone  
  13  0:13  Overlord  
  13  0:18  Drone  
  14  0:31  Drone  
  14  0:34  Drone  
  16  0:44  Spawning Pool  
  16  0:45  Drone  
  16  0:50  Drone  
  16  0:52  Extractor  
  16  0:56  Drone  
  17  1:06  Overlord  
  17  1:31  Zergling x2  
  17  1:32  Queen  
  20  1:39  Drone, Roach Warren  
  20  1:40  Extractor  
  20  1:46  Zergling x2  
  20  1:49  Drone  
  21  2:00  Drone  
  22  2:16  Overlord  
  22  2:22  Roach  
  24  2:37  Roach  
  26  2:38  Overlord  
  25  2:52  Roach  
  27  3:06  Zergling x2  
  27  3:07  Drone  
  27  3:12  Drone  
  30  3:19  Overlord  
  30  3:22  Roach  
  30  3:24  Drone  
  33  3:29  Drone  
  34  3:38  Roach  
  36  3:42  Baneling Nest, Drone  
  36  3:45  Drone  
  38  3:48  Drone  
  38  3:53  Roach  
  38  3:54  Evolution Chamber  
  39  4:01  Drone  
  40  4:12  Roach  
  42  4:27  Roach  
  44  6:27  Baneling, Overlord, Lair  
  44  6:28  Drone  
  44  6:29  Spore Crawler  
  44  6:30  Spore Crawler, Drone  
  44  6:32  Evolution Chamber  
  43  6:33  Drone  
  43  6:35  Hatchery  
  43  6:36  Drone  
  43  6:38  Zergling x2  
  43  6:39  Drone  
  46  6:46  Overlord  
  46  6:49  Zergling x2  
  47  6:54  Spine Crawler  
  47  6:56  Spine Crawler  
  47  6:57  Drone  
  47  7:00  Baneling, Drone  
  47  7:05  Zergling x2  
  36  7:16  Zergling x2  
  30  7:24  Queen  
  30  7:25  Overseer x2  
  30  7:26  Zergling x2  
  30  7:27  Hydralisk Den  
  32  7:30  Infestation Pit  
  32  7:31  Spire  
  32  7:32  Drone  
  31  7:47  Queen  
  31  7:48  Drone  
  31  7:50  Spore Crawler, Drone  
  34  7:52  Spore Crawler  
  34  7:53  Spore Crawler, Drone  
  33  8:01  Drone  
  35  8:05  Drone  
  35  8:10  Drone  
  36  8:13  Drone  
  36  8:15  Drone  
  36  8:18  Drone  
  39  8:21  Drone  
  39  8:24  Drone  
  41  8:27  Drone  
  41  8:30  Drone  
  41  8:33  Drone  
  44  8:36  Drone  
  44  8:38  Drone  
  46  8:41  Drone  
  46  8:42  Mutalisk  
  46  8:44  Drone  
  46  8:47  Drone  
  51  8:53  Mutalisk  
  51  8:54  Drone  
  51  8:55  Spine Crawler  
  53  8:57  Drone  
  53  9:00  Drone  
  55  9:03  Drone  
  55  9:04  Mutalisk  
  55  9:06  Drone  
  55  9:08  Spine Crawler  
  55  9:09  Drone  
  55  9:11  Overlord  
  55  9:14  Overseer  
  55  9:15  Mutalisk  
  57  9:20  Spine Crawler  
  57  9:21  Drone  
  57  9:24  Hydralisk  
  49  9:31  Hydralisk  
  34  9:42  Mutalisk  
  28  9:49  Hydralisk  
  31  9:57  Zergling x2